 Dungeon Crawl Stone Soup version 0.30.0-10-gfe55d96785 (webtiles) character file.

Game seed: 15655003129852838006

8 Edyrem the Shooter (level 2, 15/23 HPs)
             Began as a Human Hunter on May 16, 2023.
             Quit the game on level 1 of the Dungeon.
             The game lasted 00:00:50 (78 turns).

Edyrem the Shooter (Human Hunter)                     Turns: 78, Time: 00:00:51

Health: 15/23      AC:  3    Str: 11    XL:     2   Next: 15%
Magic:  2/2        EV: 12    Int:  9    God:
Gold:   0          SH:  0    Dex: 16    Spells: 1/1 levels left

rFire   . . .        a - +0 shortbow
rCold   . . .        (shield currently unavailable)
rNeg    . . .        c - +0 leather armour
rPois   .            (no helmet)
rElec   .            (no cloak)
rCorr   .            (no gloves)
SInv    .            (no boots)
Will    .....        (no amulet)
Stlth   ++           (no ring)
HPRegen 0.23/turn    (no ring)
MPRegen 0.08/turn

%: no passive effects
@: no status effects
A: no striking features
a: no special abilities


You were on level 1 of the Dungeon.
You visited 1 branch of the dungeon, and saw 1 of its levels.

Inventory:

Hand Weapons
 a - a +0 shortbow (weapon)
 d - a +3 dagger of draining
Armour
 c - a +0 leather armour (worn)
Scrolls
 b - a scroll of immolation


   Skills:
 + Level 2.7 Fighting
 - Level 4.0 Ranged Weapons
 - Level 2.0 Dodging
 - Level 1.0 Stealth


You had one spell level left.
You didn't know any spells.
Your spell library was empty.

Dungeon Overview and Level Annotations

Branches:
Dungeon (1/15)

Altars:


Message History

Fire: a) +0 shortbow
Press: ? - help, Q - select action Shift-Dir - straight line, f/p - hobgoblin
Aim: a hobgoblin (63% to hit)
You shoot an arrow. The arrow barely misses the hobgoblin.
The arrow closely misses the frilled lizard.
The frilled lizard hisses angrily.
A kobold comes into view. It is wielding a +0 club.
Fire: a) +0 shortbow
Press: ? - help, Q - select action Shift-Dir - straight line, f/p - hobgoblin
Aim: a hobgoblin (63% to hit)
You shoot an arrow. The arrow barely misses the hobgoblin.
The kobold shouts!
The arrow hits the frilled lizard!
You kill the frilled lizard!
Fire: a) +0 shortbow
Press: ? - help, Q - select action Shift-Dir - straight line, f/p - hobgoblin
Aim: a hobgoblin (63% to hit)
You shoot an arrow. The arrow hits the hobgoblin.
The hobgoblin is moderately wounded.
A rat comes into view.
You shoot an arrow. The arrow barely misses the hobgoblin.
The hobgoblin hits you.
A frilled lizard comes into view.
The hobgoblin hits you.
You shoot an arrow. The arrow hits the hobgoblin.
You kill the hobgoblin!
A giant cockroach comes into view.
You shoot an arrow. The arrow barely misses the kobold.
You shoot an arrow. The arrow closely misses the kobold.
The kobold barely misses you. x2
You shoot an arrow. The arrow closely misses the kobold.
The kobold barely misses you.
You shoot an arrow. The arrow misses the kobold.
The rat bites you but does no damage. The kobold hits you with a +0 club.
The rat closely misses you. The kobold hits you with a +0 club.
You are too injured to fight recklessly!
You are too injured to fight recklessly!
You are too injured to fight recklessly!
You are too injured to fight recklessly!
Are you sure you want to abandon this character and quit the game? (Confirm with "yes".)

#........# #.######.# ..
#.# #.# .# #.# #.# #.
#.## #.# .. .
#####..#####.### .# ..#
PPPPPP.........# .##...#
PPPP........)..##KB.....
PP..PPP.....P...@r....#
P.PPP...PP.......l...##
P.PP.PPP..P........#.#
.PP.PP.PP........#.# #
.P.PP.P.PP.P.†..##.#
.P.P.PPP.P.P....# ..
.P.PP.P.PP.P....#...#
.PP.PP.PP.PP.P....#.#


P.PP.PPP.PP.PPP..... You could see a giant cockroach, a kobold, a frilled lizard
and a rat.

Vanquished Creatures
  An endoplasm (D:1)
  A goblin (D:1)
  A hobgoblin (D:1)
  2 ball pythons (D:1)
  A bat (D:1)
  A frilled lizard (D:1)
  A kobold (D:1)
  A rat (D:1)
9 creatures vanquished.

Notes
Turn   | Place    | Note
-------+----------+-------------------------------------------
     0 | D:1      | Edyrem the Human Hunter began the quest for the Orb.
     0 | D:1      | Reached XP level 1. HP: 16/16 MP: 1/1
    65 | D:1      | Reached XP level 2. HP: 23/23 MP: 2/2
    78 | D:1      | Quit the game

Illustrated notes

Levels and vault maps discovered:
D:1:      roderic_crop_circles_arrival_small, layout_rooms

Action                     || total
---------------------------++-------
   Fire: Shortbow          ||    22
 Armour: Leather armour    ||     3
  Dodge: Dodged            ||     6
